 Dungeon Crawl Stone Soup version 0.29.1-13-g9f3cf754e1 (webtiles) character file.

Game seed: 15911621922041665486

247 sankara the Chopper (level 6, -4/53 HPs)
             Began as a Hill Orc Fighter on Feb 2, 2023.
             Slain by Sigmund
             ... wielding a +0 scythe
              (10 damage)
             ... on level 3 of the Dungeon.
             The game lasted 00:04:11 (2857 turns).

sankara the Chopper (Hill Orc Fighter)              Turns: 2857, Time: 00:04:12

Health: -4/53      AC:  9    Str: 19    XL:     6   Next: 11%
Magic:  6/6        EV:  9    Int:  8    God:
Gold:   148        SH:  5    Dex: 12    Spells: 5/5 levels left

rFire   . . .      SeeInvis .   a - +0 war axe
rCold   . . .      Faith    .   c - +0 buckler
rNeg    . . .      Spirit   .   b - +0 scale mail
rPois   .          Reflect  .   y - +0 helmet
rElec   .          Harm     .   d - +0 cloak
rCorr   .          Rampage  .   (no gloves)
Will    .....                   (no boots)
Stlth   ..........              (no amulet)
HPRegen 0.17/turn               (no ring)
MPRegen 0.10/turn               (no ring)

@: hasted, very quick
A: no striking features
a: no special abilities


You were on level 3 of the Dungeon.
You visited 1 branch of the dungeon, and saw 3 of its levels.

You collected 148 gold pieces.

Inventory:

Hand Weapons
 a - a +0 war axe (weapon)
 i - a +0 sling
 q - a +0 war axe
Missiles
 o - 11 poisoned darts (quivered)
Armour
 b - a +0 scale mail (worn)
 c - a +0 buckler (worn)
 d - a +0 cloak (worn)
 y - a +0 helmet (worn)
Scrolls
 h - a scroll of enchant weapon {unknown}
 j - 3 scrolls of poison {unknown}
 l - 2 scrolls of magic mapping {unknown}
 m - 2 scrolls of vulnerability {unknown}
 n - a scroll of brand weapon {unknown}
 p - a scroll of silence {unknown}
 r - 3 scrolls of amnesia {unknown}
 t - a scroll of noise {unknown}
 u - 2 scrolls of identify {unknown}
 x - a scroll of immolation {unknown}
 z - a scroll of torment {unknown}
Potions
 e - a potion of heal wounds
 g - 2 potions of magic {unknown}
 k - 2 potions of brilliance
 s - a potion of flight {unknown}
 v - a potion of degeneration {unknown}
 w - a potion of lignification {unknown}
 A - 2 potions of resistance {unknown}


   Skills:
 + Level 4.7 Fighting
 * Level 5.5 Axes
 - Level 1.0 Throwing
 + Level 4.2 Armour
 + Level 4.3 Shields


You had 5 spell levels left.
You didn't know any spells.
Your spell library contained the following spells:

 Spells                   Type           Power      Damage    Failure   Level
 Slow                     Hex            0%         N/A       86%         1
 Confusing Touch          Hex            0%         N/A       99%         3
 Vampiric Draining        Necr           0%         2d6       99%         3


Dungeon Overview and Level Annotations

Branches:
Dungeon (3/15)

Altars:
Dithmenos

Annotations:
D:3 Sigmund


Message History

The endoplasm freezes you.
You are frozen.
You barely miss the ball python. You hit the endoplasm.
The ball python closely misses you. x2
The endoplasm hits you but does no damage.
You slash the endoplasm!
You kill the endoplasm!
You hit the ball python. You block the ball python's attack. x2
The ball python completely misses you. The ball python grabs you.
The ball python constricts you.
Unknown command.
You slash the ball python!
You kill the ball python!
Unknown command.
No target in view!
Found a stone staircase leading up.
You hear some strange, mumbled words.
You are confused.
You're too confused to move!
You hear some strange, mumbled words.
A magic dart appears from out of thin air!
The magic dart hits you.
You miss something. Something hits you!
You completely miss something. Something hits you!
You miss something. Something hits you.
Found a scroll labelled OZEHE KICOKHICO.
You see here a ball python corpse.
Something hits you!
You feel less confused.
You hear some strange, mumbled words.
You are confused.
You're too confused to move!
Something hits you!
* * * LOW HITPOINT WARNING * * *
You see here a ball python corpse.
Something hits you but does no damage. Something hits you.
* * * LOW HITPOINT WARNING * * *
You feel less confused.
It was a potion of haste.
You feel yourself speed up. Something hits you!
You die...

##.##.. ..[
#.........##
###..#.#..
#..........# .
# ##.
#...........
..
#........##.
.. #.......##
.. ..
#........##...
#...........).
#.(..†.....##.
#...@.....##
#.##.#....# #.
#.#......? #.
.......^...
#..#.#......
...#.#.###.#
....#.#.# <#
...##.# #.#.


There were no monsters in sight!

Vanquished Creatures
  Natasha (thrice) (D:3)
  Terence (D:2)
  An iguana (D:2)
  Robin (D:2)
  3 adders (D:2)
  3 worms (D:2)
  10 ball pythons
  6 endoplasms
  3 giant cockroaches
  13 goblins
  9 hobgoblins
  A quokka (D:1)
  5 bats
  4 frilled lizards
  9 kobolds
  6 rats
78 creatures vanquished.

Vanquished Creatures (others)
  26 plants (D:2)
  5 toadstools (D:3)
31 creatures vanquished.

Grand Total: 109 creatures vanquished

Notes
Turn   | Place    | Note
-------+----------+-------------------------------------------
     0 | D:1      | sankara the Hill Orc Fighter began the quest for the Orb.
     0 | D:1      | Reached XP level 1. HP: 19/19 MP: 1/1
   184 | D:1      | Reached skill level 3 in Axes
   190 | D:1      | Reached XP level 2. HP: 27/27 MP: 2/2
   651 | D:1      | Reached XP level 3. HP: 27/33 MP: 3/3
  1268 | D:2      | Noticed Terence
  1279 | D:2      | Killed Terence
  1280 | D:2      | Reached skill level 4 in Axes
  1280 | D:2      | Reached XP level 4. HP: 14/40 MP: 4/4
  1913 | D:2      | Found a shadowy altar of Dithmenos.
  1922 | D:2      | Reached XP level 5. HP: 46/46 MP: 5/5
  2020 | D:2      | Noticed Robin
  2031 | D:2      | Killed Robin
  2035 | D:2      | Reached skill level 1 in Throwing
  2415 | D:2      | Reached skill level 5 in Axes
  2636 | D:3      | Noticed Natasha
  2642 | D:3      | Killed Natasha
  2666 | D:3      | Noticed Natasha
  2675 | D:3      | Killed Natasha
  2687 | D:3      | Noticed Natasha
  2696 | D:3      | Killed Natasha
  2697 | D:3      | Reached XP level 6. HP: 30/53 MP: 6/6
  2836 | D:3      | Noticed Sigmund
  2857 | D:3      | Slain by Sigmund

Illustrated notes

Levels and vault maps discovered:
D:1:      tarquinn_simple_flora_water_b, layout_loops_ring,
          hangedman_feature_mirror
D:2:      minmay_inner_zag, layout_basic, basic_altar, lexackson_kobold_supper,
          uniq_robin, uniq_terence
D:3:      cheibrodos_fertilizer, layout_basic, nicolae_dithmenos_shadow_blocks,
          ebering_ecumenical_altar_hall, minmay_between,
          uniq_crazy_yiuf_cottage, uniq_grinder, uniq_natasha, uniq_sigmund

Skill      XL: |  1  2  3  4  5 |
---------------+----------------+-----
Axes           | 3 4 5 |  5.5
Fighting       | 4 |  4.7
Shields        | 4 |  4.3
Throwing       | 1 |  1.0
Armour         | 4 |  4.2

Action                   |  1- 3 |  4- 6 || total
-------------------------+-------+-------++-------
Melee: War axe           |    89 |   125 ||   214
  Use: Potion            |       |     3 ||     3
Armor: Scale mail        |    29 |    74 ||   103
Dodge: Dodged            |    58 |    69 ||   127
Block: Buckler           |    22 |    35 ||    57
